 Dungeon Crawl Stone Soup version 0.28.0-53-g5a82cb258f (webtiles) character file.

Game seed: 15037793186499925967

97 Gabide the Poker (level 5, 0/41 HPs)
             Began as a Human Monk on May 29, 2022.
             Succumbed to an adder's poison
             ... on level 3 of the Dungeon.
             The game lasted 00:02:44 (2287 turns).

Gabide the Poker (Human Monk)                       Turns: 2287, Time: 00:02:45

Health: 0/41       AC:  5    Str: 12    XL:     5   Next: 0%
Magic:  5/5        EV: 11    Int: 10    God:
Gold:   75         SH:  0    Dex: 17    Spells: 4/4 levels left

rFire   . . .      SeeInvis .   a - +0 trident
rCold   . . .      Faith    .   (no shield)
rNeg    . . .      Spirit   .   f - +0 ring mail
rPois   .          Reflect  .   (no helmet)
rElec   .          Harm     .   (no cloak)
rCorr   +          Rampage  .   (no gloves)
Will    .....                   (no boots)
Stlth   +.........              (no amulet)
HPRegen 0.13/turn               d - ring of resist corrosion
MPRegen 0.09/turn               (no ring)

@: lethally poisoned (0 -> -1)
A: no striking features
a: no special abilities


You were on level 3 of the Dungeon.
You visited 1 branch of the dungeon, and saw 3 of its levels.

You collected 75 gold pieces.

Inventory:

Hand Weapons
 a - a +0 trident (weapon)
Armour
 b - a +0 robe
 f - a +0 ring mail (worn)
Jewellery
 d - a ring of resist corrosion (left hand)
Scrolls
 e - a scroll of noise {unknown}


   Skills:
 - Level 3.0 Fighting
 - Level 5.1 Polearms
 + Level 1.0 Armour
 - Level 3.0 Dodging
 - Level 2.0 Stealth


You had 4 spell levels left.
You didn't know any spells.
Your spell library was empty.

Dungeon Overview and Level Annotations

Branches:
Dungeon (3/15)

Altars:
Zin

Annotations:
D:2 Sigmund


Message History

You are too injured to fight recklessly!
You are too injured to fight recklessly!
You are too injured to fight recklessly!
You are too injured to fight recklessly!
You are too injured to fight recklessly!
You are too injured to fight recklessly!
You are too injured to fight recklessly!
You are too injured to fight recklessly!
You are too injured to fight recklessly!
You are too injured to fight recklessly!
You are too injured to fight recklessly!
You are too injured to fight recklessly!
You are too injured to fight recklessly!
You are too injured to fight recklessly!
You are too injured to fight recklessly!
You puncture the adder!
The adder is severely wounded.
You feel sick. The adder bites you.
You are more poisoned.
The adder poisons you!
You puncture the adder!
You kill the adder!
You feel sick.
Your Armour skill increases to level 1!
You have reached level 5!
You hit the orc priest but do no damage.
You feel sick.
The orc priest hits you with a +0 flail.
* * * LOW HITPOINT WARNING * * *
You barely miss the orc priest.
You feel sick. The orc priest completely misses you.
You aren't carrying any potions.
As you read the scroll labelled HINUTIUCKUTI, it crumbles to dust.
You feel strangely unstable.
It was a scroll of teleportation.
You feel sick.
The orc priest hits you with a +0 flail.
* * * LOW HITPOINT WARNING * * *
* * * LOW HITPOINT WARNING * * *
You feel sick.
Your surroundings suddenly seem different.
You die...

# ##
###.#.####
.........##
.......@..+
.##......##
#.#.#..#
#..##..#
##. #..# #
#..# ...#
...#


There were no monsters in sight!

Vanquished Creatures
  4 adders
  A worm (D:2)
  A dart slug (D:1)
  An orc (D:3)
  7 ball pythons
  4 endoplasms (D:1)
  5 giant cockroaches
  5 goblins
  4 hobgoblins
  2 jackals (D:2)
  2 quokkas
  7 bats
  3 frilled lizards
  A kobold (D:1)
  5 rats
52 creatures vanquished.

Notes
Turn   | Place    | Note
-------+----------+-------------------------------------------
     0 | D:1      | Gabide the Human Monk began the quest for the Orb.
     0 | D:1      | Reached XP level 1. HP: 18/18 MP: 1/1
   167 | D:1      | Reached XP level 2. HP: 23/24 MP: 2/2
   390 | D:1      | Reached skill level 4 in Polearms
   390 | D:1      | Reached XP level 3. HP: 15/29 MP: 3/3
   954 | D:2      | Found a glowing silver altar of Zin.
  1391 | D:2      | Reached XP level 4. HP: 35/35 MP: 4/4
  1750 | D:2      | Noticed Sigmund
  1895 | D:2      | Reached skill level 5 in Polearms
  2000 | D:2      | Found a faded altar of an unknown god.
  2283 | D:3      | Reached skill level 1 in Armour
  2283 | D:3      | Reached XP level 5. HP: 13/41 MP: 5/5
  2285 | D:3      | HP: 2/41 [orc priest/+0 flail (5)]
  2287 | D:3      | Succumbed to an adder's poison

Illustrated notes

Levels and vault maps discovered:
D:1:      dpeg_arrival_shelter, layout_basic
D:2:      layout_loops_ring, basic_altar, shapermc_ecumenical_altar_mp_vishouse,
          uniq_sigmund
D:3:      layout_loops_corners

Skill      XL: |  1  2  3  4 |
---------------+-------------+-----
Polearms       | 4 5 |  5.1
Armour         | 1 |  1.0
Fighting       | |  3.0
Dodging        | |  3.0
Stealth        | |  2.0

Action                   |  1- 3 |  4- 6 || total
-------------------------+-------+-------++-------
Melee: Spear             |    61 |       ||    61
       Trident           |    34 |    58 ||    92
       Punch             |       |     1 ||     1
  Use: Potion            |     1 |       ||     1
       Scroll            |       |     1 ||     1
 Stab: Sleeping          |     8 |     2 ||    10
Armor: Robe              |    10 |     1 ||    11
       Ring mail         |       |     3 ||     3
Dodge: Dodged            |    46 |    32 ||    78
